 Dungeon Crawl Stone Soup version 0.23-a0-143-g1adec7b (webtiles) character file.

5 Amnesiac the Caller (level 1, 0/13 HPs)
             Began as a Mummy Summoner on Sept 3, 2018.
             Slain by a jackal (3 damage)
             ... on level 3 of the Dungeon.
             The game lasted 00:02:01 (249 turns).

Amnesiac the Caller (Mummy Summoner)                 Turns: 249, Time: 00:02:01

Health: 0/13       AC:  3    Str: 11    XL:     1   Next: 66%
Magic:  0/4        EV: 12    Int: 14    God:
Gold:   14         SH:  0    Dex: 12    Spells: 5/6 levels left

rFire    x . .     SeeInvis .   b - -2 spear (curse)
rCold    + . .     Gourm    .   (no shield)
rNeg     + + +     Faith    .   a - +0 robe
rPois    ∞         Spirit   .   (no helmet)
rElec    .         Reflect  .   (no cloak)
rCorr    .         Harm     .   d - +0 pair of gloves
MR       .....                  (no boots)
Stlth    ++........             (no amulet)
HPRegen  0.04/turn              (no ring)
MPRegen  0.09/turn              (no ring)

@: no status effects
A: no food or potions, fire vulnerability, cold resistance 1, negative energy
resistance 3, torment resistance, unbreathing
a: no special abilities


You were on level 3 of the Dungeon.
You were not hungry.

You visited 1 branch of the dungeon, and saw 4 of its levels.

You collected 14 gold pieces.

Inventory:

Hand Weapons
 b - a cursed -2 spear (weapon)
Armour
 a - a +0 robe (worn)
 d - a +0 pair of gloves (worn)
Scrolls
 c - a scroll of teleportation {!r}
 e - a scroll of remove curse {!r, unknown}


   Skills:
 - Level 1.5 Dodging
 - Level 1.5 Stealth
 + Level 3.1 Spellcasting
 * Level 3.3 Summonings


You had 5 spell levels left.
You knew the following spells:

 Your Spells              Type           Power        Failure   Level  Hunger
a - Summon Small Mammal   Summ           ##..         5%          1    N/A

Your spell library contained the following spells:

 Spells                   Type           Power        Failure   Level  Hunger
 Call Imp                 Summ           ##......     9%          2    N/A
 Call Canine Familiar     Summ           ##......     16%         3    N/A
 Summon Guardian Golem    Hex/Summ       #.......     32%         3    N/A
 Summon Ice Beast         Ice/Summ       #.......     71%         4    N/A
 Summon Lightning Spire   Summ/Air       #.......     71%         4    N/A

Dungeon Overview and Level Annotations

Branches:
Dungeon (4/15)
 Temple: D:4-7

Altars:
Cheibriados
Elyvilon

Annotations:
D:3 exclusion: downstairs
D:4 Edmund


Innate Abilities, Weirdness & Mutations

You do not eat or drink.
Your flesh is vulnerable to fire.
You are immune to poison.
Your flesh is cold resistant. (rC+)
You are immune to negative energy. (rN+++)
You are immune to unholy pain and torment.
You can survive without breathing.


Message History

Press: ? - help, Dir - move target cursor, f - jackal
Aim: a jackal You reach to attack!
You hit the jackal.
The jackal is severely wounded.
The jackal barely misses your rat. The jackal bites your rat.
Your rat dies!
Your rat's corpse disappears in a puff of smoke!
Attack whom?
Press: ? - help, Dir - move target cursor, f/p - jackal
Aim: a jackal (severely wounded)
You reach to attack!
You closely miss the jackal.
The jackal is severely wounded.
You closely miss the jackal.
The jackal is almost dead.
The jackal bites your rat. The jackal completely misses your rat.
The jackal misses you.
You hit the jackal.
You kill the jackal!
The jackal bites your rat.
Your rat dies!
Your rat's corpse disappears in a puff of smoke!
The jackal completely misses you.
Casting: Summon Small Mammal (safe; 5% risk of failure)
Confirm with . or Enter, or press ? or * to list all spells.
The jackal bites you.
* * * LOW HITPOINT WARNING * * *
The jackal closely misses you. x2
Casting: Summon Small Mammal (safe; 5% risk of failure)
Confirm with . or Enter, or press ? or * to list all spells.
The jackal closely misses you.
You are too injured to fight recklessly!
You closely miss the jackal.
The jackal is lightly wounded.
The jackal bites you.
* * * LOW HITPOINT WARNING * * *
The jackal bites your bat. The jackal completely misses you.
The jackal closely misses your bat.
You hit the jackal.
The jackal is lightly wounded.
The jackal closely misses you. The jackal misses your bat.
The jackal bites you but does no damage.
Casting: Summon Small Mammal (safe; 5% risk of failure)
Confirm with . or Enter, or press ? or * to list all spells.
The jackal bites your bat.
Your bat dies!
Your bat's corpse disappears in a puff of smoke!
The jackal closely misses you. The jackal barely misses your rat.
The jackal bites your rat.
You swap places.
The jackal bites your rat.
Your rat dies!
Your rat's corpse disappears in a puff of smoke!
The jackal bites your rat but does no damage.
You hit the jackal.
The jackal is almost dead.
The jackal misses you. The jackal barely misses your rat.
The jackal dies!
You closely miss the jackal.
The jackal is almost dead.
The jackal closely misses you.
The jackal bites you but does no damage.
You hit the jackal but do no damage.
The jackal is almost dead.
The jackal bites you.
You die...

h........## ..# #.....## ..
###....### .# ###....###.#
##.......# #†...#..#
#....#..#
###############.>.<#..#
######..........@hrr....####
#......#############....#
..###### #....# ### #....#
#....# ######


You could see a jackal and 2 friendly rats.

Vanquished Creatures
  A jackal (D:3)
  A bat (D:3)
  2 rats (D:3)
4 creatures vanquished.

Vanquished Creatures (collateral kills)
  A leopard gecko (D:3)
  A jackal (D:3)
2 creatures vanquished.

Grand Total: 6 creatures vanquished

Notes
Turn   | Place    | Note
-------+----------+-------------------------------------------
     0 | D:1      | Amnesiac the Mummy Summoner began the quest for the Orb.
     0 | D:1      | Reached XP level 1. HP: 13/13 MP: 4/4
    87 | D:4      | Noticed Edmund
   141 | D:3      | Found a white marble altar of Elyvilon.
   149 | D:3      | Found a snail-covered altar of Cheibriados.
   249 | D:3      | Slain by a jackal

Vault maps used:
D:1:      giann_wishing_wells
D:2:      nicolae_overflow_hidden_temple
D:3:      cheibriados_altar_1, lemuel_crystal_altar, ashenzari_altar_1,
          minmay_stone_trees_small
D:4:      kennysheep_mini, minmay_temple_entry_poolview, first_ration,
          lemuel_angel_altar, uniq_edmund

Skill      XL: |  1 |
---------------+----+-----
Spellcasting   | 3 |  3.1
Dodging        | |  1.5
Stealth        | |  1.5
Summonings     | |  3.3

Action                   || total
-------------------------++-------
Melee: Spear             ||    26
 Cast: Summon Small Mamm ||     6
  Use: Scroll            ||     3
 Stab: Sleeping          ||     1
Armor: Robe              ||    10
Dodge: Dodged            ||    20

Table legend:
 A = Non-vault XP
 B = Vault XP
 C = Vault XP percentage of total XP
 D = Non-vault monster count
 E = Vault monster count
 F = Vault count percentage of total count
                 A         B        C        D         E       F
            +---------+---------+-------+---------+---------+-------
      Total |       8 |       0 |   0.0 |       6 |       0 |   0.0
            +---------+---------+-------+---------+---------+-------
        D:3 |       8 |       0 |   0.0 |       6 |       0 |   0.0
            +---------+---------+-------+---------+---------+-------
